 Dungeon Crawl Stone Soup version 0.30.0-29-ga12c61a403 (webtiles) character file.

Game seed: 3770438610561691679

11239 ChadusMaximus the Cleaver (level 11, -3/101 HPs)
             Began as a Minotaur Fighter on June 20, 2023.
             Was a Follower of Okawaru.
             Slain by a cyclops (22 damage)
             ... on level 11 of the Dungeon.
             The game lasted 00:11:34 (11004 turns).

ChadusMaximus the Cleaver (Minotaur Fighter)       Turns: 11004, Time: 00:11:34

Health: -3/101     AC: 16    Str: 26    XL:     11   Next: 46%
Magic:  11/11      EV:  7    Int:  5    God:    Okawaru [*.....]
Gold:   613        SH:  6    Dex:  9    Spells: 10/10 levels left

rFire   . . .        a - +0 war axe
rCold   . . .        c - +0 buckler
rNeg    + . .        s - +0 plate armour
rPois   +            (helmet restricted)
rElec   .            A - +0 cloak
rCorr   .            (no gloves)
SInv    .            (no boots)
Will    .....        (no amulet) Stlth
                     f - ring of positive energy
HPRegen 0.36/turn    o - ring of poison resistance
MPRegen 0.12/turn

%: no passive effects
@: no status effects
A: horns 2, retaliatory headbutt
a: Renounce Religion, Heroism


You were on level 11 of the Dungeon.
You worshipped Okawaru.
Okawaru was aware of your devotion.
You visited 2 branches of the dungeon, and saw 12 of its levels.
You also visited: Ossuary.

You collected 613 gold pieces.

Inventory:

Hand Weapons
 a - a +0 war axe (weapon)
 H - a +0 battleaxe
Missiles
 I - a boomerang (quivered)
 Q - 2 throwing nets
Armour
 b - a +0 scale mail
 c - a +0 buckler (worn)
 s - a +0 plate armour (worn)
 A - a +0 cloak (worn)
 J - the +4 Cigotuvi's embrace {Corpsefed rMiasma Drain rN+}
   (You found it on level 8 of the Dungeon)

   Corpsefed: It gathers nearby corpses to temporarily increase the armour it
   provides.
   rMiasma:   It protects you from foul pestilence.
   rN:        It protects you from negative energy.
   Drain:     It drains your maximum health when unequipped.
Jewellery
 f - a ring of positive energy (left hand)
 o - a ring of poison resistance (right hand)
 t - a +6 ring of intelligence
 P - an amulet of regeneration
Wands
 r - a wand of mindburst (30)
 u - a wand of iceblast (17)
 w - a wand of paralysis (20)
 L - a wand of acid (6)
Scrolls
 g - 7 scrolls of identify
 j - 4 scrolls of teleportation
 l - 2 scrolls of enchant weapon
 m - 2 scrolls of fog
 n - 3 scrolls of poison
 q - 3 scrolls of blinking
 v - 4 scrolls of immolation
 y - 5 scrolls of fear
 D - a scroll of silence {unknown}
 F - a scroll of magic mapping {unknown}
 G - a scroll of torment {unknown}
 K - a scroll of vulnerability {unknown}
 N - a scroll of amnesia {unknown}
 O - a scroll of noise {unknown}
Potions
 d - 3 potions of might
 e - 4 potions of mutation
 h - 5 potions of curing {unknown}
 i - 2 potions of flight {unknown}
 k - 2 potions of heal wounds
 p - 2 potions of attraction {unknown}
 x - a potion of haste {unknown}
 z - a potion of lignification {unknown}
 B - a potion of degeneration {unknown}
 C - 2 potions of brilliance {unknown}
 E - 2 potions of invisibility {unknown}
 M - a potion of resistance {unknown}
 R - a potion of ambrosia {unknown}


   Skills:
 + Level 10.5 Fighting
 + Level 13.6 Axes
 + Level 10.4 Armour
 + Level 10.4 Shields
 * Level 2.5 Invocations


You had 10 spell levels left.
You didn't know any spells.
Your spell library contained the following spells:

 Spells                   Type           Power      Damage    Failure   Level
 Magic Dart               Conj           0%         1d3       99%         1
 Frozen Ramparts          Ice            0%         1d1       100%        3
 Mephitic Cloud           Conj/Pois/Air  0%         N/A       100%        3
 Ice Form                 Ice/Tmut       0%         N/A       100%        4
 Summon Small Mammal      Summ           Unusable   N/A       N/A         1
 Call Imp                 Summ           Unusable   N/A       N/A         2
 Call Canine Familiar     Summ           Unusable   N/A       N/A         3
 Summon Guardian Golem    Hex/Summ       Unusable   N/A       N/A         3
 Summon Ice Beast         Ice/Summ       Unusable   N/A       N/A         4

Dungeon Overview and Level Annotations

Branches:
Dungeon (11/15)            Temple (1/1) D:5            Lair (0/5) D:9
Ossuary (visited)
    Orc: D:9-12

Altars:
Ashenzari
Cheibriados
Dithmenos
Elyvilon
Fedhas
Gozag
Hepliaklqana
Kikubaaqudgha
Makhleb
Nemelex Xobeh
Okawaru
Qazlal
Ru
Sif Muna
Trog
Uskayaw
Vehumet
Wu Jian
Xom
Yredelemnul
Zin
The Shining One

Shops:
D:1 [   D:8 (

Annotations:
D:10 2 transporters, Zazubon's ghost, novice MiBe


Innate Abilities, Weirdness & Mutations

You have a pair of horns on your head.
You reflexively headbutt those who attack you in melee.


Message History

Unknown command.
The cyclops shouts!
You slash the orc wizard!
The orc wizard is almost dead.
You slice the centaur!!
You kill the centaur!
Okawaru accepts your kill.
The orc wizard hits you but does no damage.
You slash the orc wizard!
You kill the orc wizard!
Okawaru accepts your kill.
The cyclops throws a large rock.
The large rock barely misses you.
Things that are here:
a +0 dagger; a +0 robe An orc comes into view.
It is wielding a +0 mace and quivering silver boomerangs.
The orc shouts!
The cyclops hits you.
You slash the cyclops! You headbutt the cyclops.
The cyclops is moderately wounded.
The cyclops hits you!!
* * * LOW HITPOINT WARNING * * *
You slash the cyclops!
The cyclops is moderately wounded.
You barely miss the orc.
Unknown command.
You barely miss the cyclops. You headbutt the cyclops!
The cyclops is heavily wounded.
You slash the orc!
You kill the orc!
Okawaru accepts your kill. The cyclops barely misses you.
You furiously retaliate!
You headbutt the cyclops. You hit the cyclops. You headbutt the cyclops!
The cyclops is almost dead.
A troll comes into view.
The troll shouts!
You hit the cyclops.
The cyclops is almost dead.
The cyclops hits you!!
You die...

#..# #.# ...#
#.#########..
....#######....†.......
.........)....).†......
####...###.))#######
#... #..)# #... #...#
#... #...###### ....
#..@.....#
..........C)......
#####..^......#####
#.........# #.........#
#.........T
#.........##
#.........#


You could see a cyclops and a troll.

Vanquished Creatures
  A two-headed ogre (D:11)
  A cyclops (D:8)
  A manticore (D:10)
  An unseen horror (D:10)
  A kobold demonologist (D:10)
  2 trolls
  Grinder (D:3)
  2 hornets
  10 yaks
  A wraith (D:10)
  3 wyverns
  A steam dragon (D:8)
  Menkaure (D:7)
  Edmund (D:6)
  2 water moccasins
  An ice beast (D:5)
  2 sky beasts (D:6)
  2 ogres (D:6)
  5 orc warriors
  The ghost of SharpKris the Shield-Bearer, an amateur GnFi (D:3)
  A black bear (D:5)
  5 centaurs
  4 kobold brigands
  3 phantoms
  6 bullfrogs
  A wyvern zombie (D:3)
  12 scorpions
  A gnoll sergeant (D:5)
  17 killer bees
  2 howler monkeys
  A centaur zombie (Ossuary)
  7 hounds
  A jelly (D:5)
  2 bullfrog skeletons (D:3)
  3 human zombies (Ossuary)
  7 orc priests
  Ijyb (D:3)
  3 sleepcaps
  A gnoll bouda (D:9)
  5 iguanas
  7 scorpion zombies (Ossuary)
  16 orc wizards
  3 mummies (Ossuary)
  6 adders
  8 gnolls
  A river rat (D:3)
  3 white imps
  An ufetubus (D:7)
  6 worms
  2 dart slugs
  35 orcs
  6 ball pythons
  5 bats
  7 endoplasms
  7 giant cockroaches
  5 goblins
  3 hobgoblins
  A jackal (D:5)
  2 quokkas
  A frilled lizard (D:1)
  2 gnoll zombies (Ossuary)
  3 hobgoblin zombies (Ossuary)
  21 kobolds
  A kobold zombie (Ossuary)
  4 orc zombies (Ossuary)
  6 rats
285 creatures vanquished.

Vanquished Creatures (others)
  An orc (D:5)
1 creature vanquished.

Grand Total: 286 creatures vanquished

Notes
Turn   | Place    | Note
-------+----------+-------------------------------------------
     0 | D:1      | ChadusMaximus the Minotaur Fighter began the quest for the
                  | Orb.
     0 | D:1      | Reached XP level 1. HP: 19/19 MP: 0/0
   153 | D:1      | Reached XP level 2. HP: 27/27 MP: 1/1
   552 | D:1      | Found Diull's Armour Boutique.
   919 | D:2      | Reached skill level 3 in Axes
   952 | D:2      | Reached XP level 3. HP: 33/33 MP: 2/2
  1007 | D:2      | You fall into a shaft and drop 1 floor!
  1191 | D:3      | Noticed Ijyb
  1196 | D:3      | Paralysed by Ijyb for 5 turns
  1204 | D:3      | Paralysed by Ijyb for 5 turns
  1217 | D:3      | Killed Ijyb
  1218 | D:3      | Reached XP level 4. HP: 26/41 MP: 3/3
  1578 | D:3      | Reached skill level 4 in Axes
  1654 | D:3      | Reached XP level 5. HP: 42/47 MP: 4/4
  1974 | D:3      | Found a runed translucent gate.
  1975 | D:3      | Found a runed translucent gate.
  1976 | D:3      | Found a runed translucent gate.
  1985 | D:3      | Noticed SharpKris's ghost (amateur GnFi)
  1999 | D:3      | Noticed Grinder
  2006 | D:3      | Paralysed by Grinder for 3 turns
  2021 | D:3      | Killed Grinder
  2022 | D:3      | Reached skill level 5 in Fighting
  2022 | D:3      | Reached skill level 5 in Axes
  2022 | D:3      | Reached skill level 5 in Armour
  2022 | D:3      | Reached skill level 5 in Shields
  2022 | D:3      | Reached XP level 6. HP: 17/56 MP: 5/5
  3129 | D:3      | Killed SharpKris's ghost
  3130 | D:3      | Reached skill level 6 in Axes
  3130 | D:3      | Reached XP level 7. HP: 46/61 MP: 6/6
  3375 | D:5      | Entered Level 5 of the Dungeon
  3708 | D:5      | Reached skill level 7 in Axes
  3808 | D:5      | Found a staircase to the Ecumenical Temple.
  3815 | D:5      | Reached XP level 8. HP: 70/70 MP: 7/7
  3887 | Temple   | Entered the Ecumenical Temple
  4399 | D:5      | Reached skill level 8 in Axes
  4692 | D:6      | Noticed a troll
  4699 | D:6      | Killed a troll
  4892 | D:6      | Noticed Edmund
  4898 | D:6      | Reached skill level 9 in Axes
  4916 | D:6      | Killed Edmund
  4917 | D:6      | Reached XP level 9. HP: 71/79 MP: 8/8
  5073 | D:6      | Found a sand-covered staircase.
  5077 | Ossuary  | Entered an ossuary
  5277 | Ossuary  | Reached skill level 10 in Axes
  6301 | D:7      | Reached skill level 11 in Axes
  6330 | D:7      | Reached XP level 10. HP: 68/90 MP: 9/9
  6593 | D:7      | Noticed Menkaure
  6604 | D:7      | Killed Menkaure
  6941 | D:7      | Identified the +4 long sword of Evolution {protect, MP+9
                  | Int+2 SInv}
  7738 | D:8      | Found Lemia's Weapon Shop.
  8014 | D:8      | Found the +4 Cigotuvi's embrace {Corpsefed rMiasma Drain
                  | rN+}
  8016 | D:8      | Noticed a cyclops
  8028 | D:8      | Killed a cyclops
  8029 | D:8      | Reached skill level 12 in Axes
  8641 | D:9      | Paralysed by a hornet for 2 turns
  8945 | D:9      | Found a blossoming altar of Fedhas.
  9155 | D:9      | Reached XP level 11. HP: 72/99 MP: 10/10
  9258 | D:9      | Reached skill level 13 in Axes
  9286 | D:9      | Reached skill level 10 in Fighting
  9436 | D:9      | Found a staircase to the Lair.
  9548 | D:10     | Entered Level 10 of the Dungeon
  9579 | D:10     | Noticed a two-headed ogre
  9581 | D:10     | Reached skill level 10 in Armour
  9581 | D:10     | Found a transporter.
  9587 | D:10     | Noticed Zazubon's ghost (novice MiBe)
  9589 | D:10     | Noticed a two-headed ogre
  9592 | D:10     | Noticed a two-headed ogre
  9592 | D:10     | Noticed a two-headed ogre
  9593 | D:10     | Found a transporter.
  9641 | D:10     | Found a radiant altar of Vehumet.
  9666 | D:10     | Reached skill level 10 in Shields
  9793 | D:10     | Found a shimmering blue altar of Sif Muna.
 10174 | D:10     | Found a snail-covered altar of Cheibriados.
 10175 | D:10     | Found an iron altar of Okawaru.
 10397 | D:10     | Became a worshipper of Warmaster Okawaru
 10604 | D:10     | Reached skill level 1 in Invocations
 10965 | D:11     | Noticed a two-headed ogre
 10971 | D:11     | Killed a two-headed ogre
 10989 | D:11     | Reached * piety under Okawaru
 11004 | D:11     | Slain by a cyclops

Illustrated notes

Levels and vault maps discovered:
D:1:      nicolae_arrival_somewhat_less_tricky_arrival, layout_loops_ring,
          serial_shops, nicolae_shop_hallway_plus, minmay_split_cup_large
D:2:      minmay_angry_zag, layout_basic
D:3:      layout_basic, gup_sewer_entry_spiral, gammafunk_ghost_necromancy,
          uniq_ijyb, uniq_grinder
D:4:      layout_basic
D:5:      layout_basic, minmay_temple_entry_sparse_star, grunt_tough_drop
D:6:      layout_loops_corners, enter_ossuary_5, minmay_chambers_of_fives,
          uniq_edmund
D:7:      layout_basic, grunt_ministairs_7, uniq_menkaure
D:8:      layout_cave_pools, serial_shops, nicolae_shop_window_shopping
D:9:      layout_roguey, fedhas_ov_isle_minmay, lair_entry_dummy
D:10:     layout_basic, gammafunk_temple_overflow_statue,
          mainiacjoe_overflow_catch_the_wave, gammafunk_ghost_smash,
          columned_hall_lemuel, kennysheep_minor_cross
D:11:     layout_small_grid, david_orc_3, serial_shops, nicolae_shop_rolled_up,
          uniq_snorg
Temple:   bh_familiar_temple

Skill      XL: |  1  2  3  4  5  6  7  8  9 10 11 |
---------------+----------------------------------+-----
Armour         | 4 5 6 7 8 9 10 | 10.4
Shields        | 4 5 6 7 8 9 10 | 10.4
Fighting       | 4 5 6 7 8 9 10 | 10.5
Axes           | 3 4 5 6 7 9 11 12 13 | 13.6
Invocations    | 2 |  2.5

Action                     |  1- 3 |  4- 6 |  7- 9 | 10-12 || total
---------------------------+-------+-------+-------+-------++-------
  Melee: War axe           |    63 |   121 |   334 |   324 ||   842
         Headbutt          |     8 |    15 |    66 |    60 ||   149
    Use: Potion            |       |     1 |       |       ||     1
         Scroll            |       |       |     8 |       ||     8
 Armour: Scale mail        |    33 |    22 |       |       ||    55
         Plate armour      |       |    27 |   223 |   220 ||   470
  Dodge: Dodged            |    23 |    47 |   100 |   116 ||   286
  Block: Buckler           |    11 |    17 |    80 |    90 ||   198
